 Dungeon Crawl Stone Soup version 0.30.0-30-g96aa6591b8 (webtiles) character file.

Game seed: 7074174617800514924

1023 monsoonserge the Magician (level 8, -1/126 HPs)
             Began as a Djinni Wanderer on June 28, 2023.
             Was an Initiate of Ashenzari.
             Slain by an orc warrior
             ... wielding a +0 flail
              (7 damage)
             ... on level 5 of the Dungeon.
             The game lasted 00:15:56 (3695 turns).

monsoonserge the Magician (Djinni Wanderer)         Turns: 3695, Time: 00:15:56

Health: -1/126     AC: 24    Str:  7    XL:     8   Next: 46%
Gold:   335        EV:  2    Int: 14    God:    Ashenzari [......] SH: 10 Dex: 25

rFire   + . .        a - +2 short sword
rCold   + . .        v - +0 kite shield
rNeg    . . .        n - melded +1 robe {rC+ rF+}
rPois   ∞            c - melded +0 helmet "Restrained Gnosis" {Fort, Cun} (curse)
rElec   +            (cloak currently unavailable)
rCorr   +            m - melded +0 pair of gloves
SInv    .            (boots unavailable)
Will    .....        (no amulet) Stlth
                     t - +6 ring of dexterity
HPRegen 0.41/turn    (no ring)
MPRegen 0.00/turn

%: infuse magic (-2 HP)
@: berserking, tree-form, resistant, very quick
A: stationary, stasis, torment immunity, boosted hp, sickness immunity, (fire
resistance 2), (cold vulnerability 1), float, innate caster, HP casting, extra
vitality 1
a: Renounce Religion, Shatter the Chains


You were on level 5 of the Dungeon.
You worshipped Ashenzari.
Ashenzari was noncommittal.
You were a tree.
You visited 2 branches of the dungeon, and saw 6 of its levels.

You collected 335 gold pieces.

Inventory:

Hand Weapons
 a - a +2 short sword (weapon)
Missiles
 z - 6 poisoned darts (quivered)
Armour
 c - the cursed +0 helmet "Restrained Gnosis" (melded) {Fort, Cun}

   It has a curse which improves the following skills: Fortitude: Armour and
   Shields.
   Cunning:   Dodging and Stealth.
 i - a +0 ring mail
 m - a +0 pair of gloves (melded)
 n - a +1 robe of resistance (melded)
 v - a +0 kite shield (worn)
Jewellery
 t - a +6 ring of dexterity (left branch)
Wands
 e - a wand of iceblast (3)
 y - a wand of flame (12)
Scrolls
 f - 2 scrolls of blinking {unknown}
 j - 3 scrolls of fear {unknown}
 k - a scroll of teleportation {unknown}
 o - 3 scrolls of identify {unknown}
 u - 2 scrolls of enchant weapon {unknown}
 x - a scroll of torment {unknown}
Potions
 b - 3 potions of lignification
 d - 2 potions of haste
 g - a potion of resistance
 h - 3 potions of curing
 p - a potion of magic {unknown}
 q - a potion of degeneration {unknown}
 r - a potion of flight {unknown}
 s - a potion of might {unknown}
 w - a potion of heal wounds {unknown}


   Skills:
 + Level 3.4 Fighting
 + Level 4.2 Short Blades
 - Level 2.2 Armour
 + Level 2.6 Dodging
 - Level 2.0 Stealth
 * Level 2.1 Shields
 + Level 1.0 Unarmed Combat
 * Level 4.7 Spellcasting
 + Level 1.0 Invocations
 + Level 0.2 Evocations


You knew the following spells:

 Your Spells              Type           Power      Damage    Failure   Level
a - Freeze                Ice            64%        1d7       19%         1
b - Call Imp              Summ           32%        N/A       28%         2
c - Ignite Poison         Fire/Tmut/Pois 16%        N/A       50%         3
Your spell library was empty.

Dungeon Overview and Level Annotations

Branches:
Dungeon (5/15)             Temple (1/1) D:4

Altars:
Ashenzari
Cheibriados
Dithmenos
Elyvilon
Fedhas
Gozag
Hepliaklqana
Makhleb
Nemelex Xobeh
Okawaru
Qazlal
Ru
Trog
Uskayaw
Wu Jian
Xom
Yredelemnul
Zin
The Shining One

Annotations:
D:4 1 runed translucent door, cheesebisquit's ghost, amateur DjHW


Innate Abilities, Weirdness & Mutations

You are a tree.
Your roots penetrate the ground, keeping you stationary.
You cannot be teleported.
You are immune to unholy pain and torment.
Your maximum health is greatly increased.
Your equipment is partially melded.
You are immune to sickness and miasma.
You are immune to poison.
((Your flesh is very heat resistant. (rF++)))
((You are vulnerable to cold. (rC-)))
You float through the air rather than walking.
You learn spells naturally, not from books.
Your magical power is your life essence.
You have superior vitality. (+4 MHP)


Message History

* * * LOW HITPOINT WARNING * * *
You closely miss the scorpion.
The scorpion is heavily wounded.
The scorpion stings you.
* * * LOW HITPOINT WARNING * * *
You block the orc warrior's attack.
Unknown command.
You hit the scorpion.
The scorpion is heavily wounded.
The scorpion stings you but does no damage.
The orc warrior hits you with a +0 flail.
* * * LOW HITPOINT WARNING * * *
Unknown command.
You puncture the scorpion!
You kill the scorpion!
The orc warrior hits you with a +0 flail.
* * * LOW HITPOINT WARNING * * *
Your Shields skill increases to level 2!
Unknown command.
It was a potion of resistance.
You feel protected.
The orc warrior hits you but does no damage.
It was a potion of berserk rage.
A red film seems to cover your vision as you go berserk!
You feel yourself moving faster!
You feel mighty!
The orc warrior hits you with a +0 flail.
* * * LOW HITPOINT WARNING * * *
You barely miss the orc warrior.
The orc warrior is moderately wounded.
You closely miss the orc warrior.
The orc warrior is moderately wounded.
The orc warrior hits you with a +0 flail.
* * * LOW HITPOINT WARNING * * *
You puncture the orc warrior!
The orc warrior is heavily wounded.
The orc warrior hits you but does no damage.
You puncture the orc warrior!
The orc warrior is almost dead.
The orc warrior hits you with a +0 flail!
You die...

##.## ##.........###..
....## #..............#
.....#####..............
.......##.....##.!.....o
.......#...#...##.....oo
...<..........###l.###o.
..######.......#)Y## .##
#.......)##o# ..
...........♣.#.# .#.
..........$.....#
##....#..##..........$..
##.####.#......... #.#
###.....#... ......##..
......## ## .......
......##


You could see an orc warrior, an ice beast and an iguana.

Vanquished Creatures
  Grinder (D:3)
  A water moccasin (D:5)
  A black bear (D:5)
  3 scorpions
  A gnoll bouda (D:4)
  A jelly (D:3)
  2 iguanas
  Jessica (D:2)
  Natasha (thrice) (D:3 D:4)
  Robin (D:3)
  7 gnolls
  6 adders
  2 worms
  3 dart slugs (D:1)
  An orc (D:4)
  8 endoplasms
  A giant cockroach (D:2)
  15 goblins
  6 hobgoblins
  3 kobolds
  6 quokkas
  3 ball pythons
  6 bats
  3 frilled lizards (D:1)
  7 rats
92 creatures vanquished.

Vanquished Creatures (collateral kills)
  A jelly (D:4)
  A bat (D:3)
  An endoplasm (D:4)
3 creatures vanquished.

Grand Total: 95 creatures vanquished

Notes
Turn   | Place    | Note
-------+----------+-------------------------------------------
     0 | D:1      | monsoonserge the Djinni Wanderer began the quest for the
                  | Orb.
     0 | D:1      | monsoonserge set off with the following items: a +2 short
                  | sword, a potion of lignification, a +0 helmet, a potion of
                  | haste, a +0 robe.
     0 | D:1      | Reached XP level 1. HP: 18/18 MP: 0/0
   119 | D:1      | Reached XP level 2. HP: 23/23 MP: 0/0
   225 | D:1      | Reached XP level 3. HP: 25/28 MP: 0/0
   225 | D:1      | Learned a level 1 spell: Freeze
   727 | D:2      | Found a sparkling altar of Nemelex Xobeh.
   728 | D:2      | Noticed Jessica
   731 | D:2      | Killed Jessica
   732 | D:2      | Reached skill level 1 in Dodging
   732 | D:2      | Reached XP level 4. HP: 34/34 MP: 0/0
   827 | D:2      | Noticed a scorpion
   840 | D:2      | Killed a scorpion
   841 | D:2      | Reached skill level 1 in Spellcasting
   841 | D:2      | Reached XP level 5. HP: 30/39 MP: 0/0
   841 | D:2      | Learned a level 2 spell: Call Imp
  1163 | D:2      | Noticed Natasha
  1171 | D:3      | Killed Natasha
  1179 | D:3      | Reached XP level 6. HP: 44/45 MP: 0/0
  1284 | D:3      | Noticed Natasha
  1304 | D:3      | Killed Natasha
  1419 | D:2      | Noticed Robin
  1441 | D:3      | Killed Robin
  1818 | D:3      | Noticed Grinder
  1819 | D:3      | Paralysed by Grinder for 5 turns
  1836 | D:3      | Noticed Natasha
  2152 | D:4      | Reached XP level 7. HP: 4/49 MP: 0/0
  2152 | D:4      | Learned a level 3 spell: Ignite Poison
  2408 | D:4      | Found a staircase to the Ecumenical Temple.
  2414 | Temple   | Entered the Ecumenical Temple
  2531 | Temple   | Became a worshipper of Ashenzari the Shackled
  2867 | D:4      | Found a runed translucent door.
  2867 | D:4      | Noticed a steam dragon
  2867 | D:4      | Noticed cheesebisquit's ghost (amateur DjHW)
  2885 | D:4      | Found a white marble altar of Elyvilon.
  2891 | D:4      | Found a sacrificial altar of Ru.
  3137 | D:4      | Killed Natasha
  3183 | D:3      | Killed Grinder
  3184 | D:3      | Reached XP level 8. HP: 54/56 MP: 0/0
  3580 | D:5      | Entered Level 5 of the Dungeon
  3658 | D:5      | Reached skill level 1 in Shields
  3689 | D:5      | HP: 4/84 [orc warrior/+0 flail (3)]
  3695 | D:5      | Slain by an orc warrior

Illustrated notes

Levels and vault maps discovered:
D:1:      scummos_arrival_simple_fountains, layout_rooms
D:2:      layout_loops_cross, basic_altar, dk_vineyard_2, grunt_ministairs_15,
          ebering_dispersal_statue_hall, uniq_natasha, uniq_jessica, uniq_robin
D:3:      layout_rooms, kennysheep_generic_room_11, uniq_grinder
D:4:      layout_rooms, chequers_temple_overflow_statue_of_worship,
          minmay_temple_entry_fiery, ebering_ghost_inner_flame,
          eino_tiny_chamber
D:5:      layout_cave_pools, hangedman_decor_lopped, minmay_manual_mess
Temple:   nicolae_temple_bog_church

Skill      XL: |  1  2  3  4  5  6  7  8 |
---------------+-------------------------+-----
Short Blades   | 2 3 4 |  4.2
Dodging        | 1 2 |  2.6
Stealth        | 2 |  2.0
Spellcasting   | 1 2 4 |  4.7
Fighting       | 3 |  3.4
Shields        | 2 |  2.1
Armour         | |  2.2
Unarmed Combat | |  1.0
Invocations    | |  1.0
Evocations     | |  0.2

Action                     |  1- 3 |  4- 6 |  7- 9 || total
---------------------------+-------+-------+-------++-------
  Melee: Short sword       |    65 |   101 |    71 ||   237
         Punch             |     2 |     3 |     1 ||     6
   Cast: Freeze            |     5 |    45 |    16 ||    66
         Call Imp          |       |     3 |     4 ||     7
 Invoke: Curse Item        |       |       |     1 ||     1
  Evoke: Wand              |       |       |     2 ||     2
    Use: Potion            |       |     2 |     3 ||     5
   Stab: Sleeping          |     6 |     1 |     4 ||    11
         Distracted        |       |     1 |     1 ||     2
 Armour: Robe              |    15 |    40 |    12 ||    67
         Skin              |       |       |     4 ||     4
  Dodge: Dodged            |    29 |    99 |    40 ||   168
  Block: Kite shield       |       |       |    32 ||    32
